 Dungeon Crawl Stone Soup version 0.30.1 (webtiles) character file.

Game seed: 11989339077034290721

176444 GeoRichter the Warrior (level 18, -9/105 HPs)
             Began as a Vine Stalker Brigand on July 12, 2023.
             Was a High Priest of Okawaru.
             Killed from afar by a starcursed mass (17 damage)
             ... with an accursed screaming
             ... on level 3 of the Abyss.
             The game lasted 01:21:25 (34820 turns).

GeoRichter the Warrior (Vine Stalker Brigand)      Turns: 34820, Time: 01:21:26

Health: -9/105     AC: 20    Str: 20    XL:     18   Next: 13%
Magic:  0/8        EV: 16    Int: 13    God:    Okawaru [*****.]
Gold:   1118       SH: 19    Dex: 20    Spells: 21/23 levels left

rFire   + . .        b - +4 short sword of the Ancients {antimagic, rElec Int+2 Dex+2}
rCold   . . .        A - +1 kite shield {rN+}
rNeg    + . .        M - +3 leather armour {rPois}
rPois   +            n - +2 hat
rElec   +            u - +2 cloak
rCorr   .            J - +2 pair of gloves
SInv    +            v - +2 pair of boots {Stlth+}
Will    ++...        Z - amulet of reflection
Stlth   ++++         h - ring of see invisible
HPRegen 1.17/turn    o - ring of protection from fire
MPRegen 0.11/turn

%: reflection, guardian spirit
@: about to teleport
A: fangs 3, regeneration 1, magic shield, antimagic bite, no potion heal 2
a: Renounce Religion, Heroism, Finesse, Duel


You were on level 3 of the Abyss.
You worshipped Okawaru.
Okawaru was extremely pleased with you.
You visited 6 branches of the dungeon, and saw 28 of its levels.
You visited the Abyss 1 time.
You also visited: Gauntlet.

You collected 2686 gold pieces.
You spent 1568 gold pieces at shops.

Inventory:

Hand Weapons
 a - a +6 quick blade of flaming
   (Okawaru gifted it to you on level 3 of the Elven Halls)
 b - the +4 short sword of the Ancients (weapon) {antimagic, rElec Int+2 Dex+2}
   (Okawaru gifted it to you on level 1 of the Elven Halls)

   Int:       It affects your intelligence (+2).
   Dex:       It affects your dexterity (+2).
   rElec:     It insulates you from electricity.
 L - a +2 battleaxe of distortion {!w}
   (You subdued it on level 2 of the Elven Halls)
Missiles
 k - 10 curare-tipped darts {!f}
 R - 3 throwing nets {!f}
 U - 3 javelins (quivered)
 V - 8 silver javelins
Armour
 n - a +2 hat (worn)
   (You bought it in a shop on level 2 of the Orcish Mines)
 u - a +2 cloak (worn)
   (You took it off Crazy Yiuf on level 3 of the Dungeon)
 v - a +2 pair of boots of stealth (worn)
   (Okawaru gifted it to you on level 5 of the Lair of Beasts)
 A - a +1 kite shield of positive energy (worn)
   (You bought it in a shop on level 2 of the Orcish Mines)
 J - a +2 pair of gloves (worn)
   (You found it on level 2 of the Elven Halls)
 M - a +3 leather armour of poison resistance (worn)
   (You took it off Duvessa on level 5 of the Dungeon)
Jewellery
 c - a ring of protection from cold
   (You found it on level 7 of the Dungeon)
 h - a ring of see invisible (left hand)
   (You found it on level 1 of the Dungeon)
 o - a ring of protection from fire (right hand)
   (You found it on level 14 of the Dungeon)
 q - a ring of resist corrosion
   (You found it on level 2 of the Dungeon)
 T - a ring of poison resistance
   (You found it on level 3 of the Lair of Beasts)
 Z - an amulet of reflection (around neck)
   (You found it on level 5 of the Lair of Beasts)
Wands
 p - a wand of mindburst (13)
   (You took it off Ijyb on level 3 of the Dungeon)
 N - a wand of light (14)
   (You found it on level 10 of the Dungeon)
 Q - a wand of digging (7)
   (You found it on level 9 of the Dungeon)
 Y - a wand of flame (76)
   (You found it on level 3 of the Dungeon)
Scrolls
 f - 4 scrolls of vulnerability {!r}
 i - 5 scrolls of immolation {!r}
 r - 3 scrolls of teleportation {@r4}
 t - 4 scrolls of torment {!r}
 x - 2 scrolls of silence
 y - 6 scrolls of enchant armour
 B - 6 scrolls of fog
 C - 3 scrolls of fear
 E - a scroll of magic mapping
 I - 3 scrolls of identify {@r1}
 P - a scroll of blinking
Potions
 e - a potion of invisibility
 g - a potion of ambrosia
 l - 11 potions of curing {@q1}
 m - 2 potions of lignification {!q}
 s - 3 potions of attraction {!q}
 w - a potion of mutation {!q}
 z - a potion of cancellation
 D - 5 potions of might
 F - 2 potions of brilliance
 G - a potion of resistance
 H - 4 potions of flight
 K - 5 potions of haste {@q3}
 W - 3 potions of magic
Miscellaneous
 d - a phantom mirror
   (You found it in a Gauntlet)
 j - a phial of floods
   (You found it on level 12 of the Dungeon)
 S - a lightning rod (4/4) {!a}
   (You found it on level 14 of the Dungeon)
 X - a box of beasts
   (You found it on level 10 of the Dungeon)


   Skills:
 + Level 15.9 Fighting
 - Level 10.0 Short Blades
 - Level 6.0 Throwing
 + Level 12.2 Armour
 + Level 8.6 Dodging
 - Level 4.8 Stealth
 - Level 10.2 Shields
 - Level 3.0 Spellcasting
 - Level 7.0 Transmutations
 - Level 9.0 Invocations
 + Level 8.0 Evocations


You had 21 spell levels left.
You knew the following spells:

 Your Spells              Type           Power      Damage    Failure   Level
a - Wereblood             Tmut           20%        N/A       4%          2

Your spell library contained the following spells:

 Spells                   Type           Power      Damage    Failure   Level
 Beastly Appendage        Tmut           40%        N/A       2%          1
 Passwall                 Tmut/Erth      9%         N/A       17%         2
 Spider Form              Tmut/Pois      11%        N/A       34%         3
 Freeze                   Ice            4%         1d3       43%         1
 Necrotise                Necr           4%         1d4       43%         1
 Sandblast                Erth           2%         2d4       43%         1
 Blink                    Tloc           2%         N/A       58%         2
 Ensorcelled Hibernation  Hex/Ice        2%         N/A       58%         2
 Lesser Beckoning         Tloc           2%         N/A       58%         2
 Sublimation of Blood     Necr           1%         N/A       58%         2
 Blade Hands              Tmut           10%        N/A       58%         5
 Dazzling Flash           Conj/Hex       2%         N/A       82%         3
 Frozen Ramparts          Ice            2%         1d1       82%         3
 Gell's Gravitas          Tloc           1%         N/A       82%         3
 Hailstorm                Conj/Ice       1%         3d3       82%         3
 Ozocubu's Armour         Ice            1%         N/A       82%         3
 Portal Projectile        Hex/Tloc       2%         N/A       82%         3
 Stone Arrow              Conj/Erth      2%         3d7       82%         3
 Teleport Other           Tloc           1%         N/A       82%         3
 Vampiric Draining        Necr           1%         2d6       82%         3
 Yara's Violent Unravell  Hex/Tmut       5%         3d4       97%         5
 Anguish                  Hex/Necr       0%         N/A       99%         4
 Leda's Liquefaction      Hex/Erth       0%         N/A       99%         4
 Manifold Assault         Tloc           1%         N/A       99%         4
 Passage of Golubria      Tloc           1%         N/A       99%         4
 Agony                    Necr           1%         N/A       100%        5
 Lee's Rapid Deconstruct  Erth           0%         3d4*      100%        5
 Metabolic Englaciation   Hex/Ice        0%         N/A       100%        5
 Silence                  Hex/Air        0%         N/A       100%        5
 Iron Shot                Conj/Erth      0%         9d1       100%        6
 Statue Form              Tmut/Erth      7%         N/A       100%        6
 Ozocubu's Refrigeration  Ice            0%         4d7       100%        7
 Storm Form               Tmut/Air       5%         N/A       100%        7
 Tukima's Dance           Hex            Unusable   N/A       N/A         3
 Animate Armour           Summ/Erth      Unusable   N/A       N/A         4
 Animate Dead             Necr           Unusable   N/A       N/A         4
 Simulacrum               Ice/Necr       Unusable   N/A       N/A         6
 Haunt                    Necr/Summ      Unusable   N/A       N/A         7
 Summon Hydra             Summ           Unusable   N/A       N/A         7

Dungeon Overview and Level Annotations

Branches:
Dungeon (15/15) Zot: 25289  Temple (1/1) D:5 Zot: 5905    Lair (5/5) D:8 Zot: 22532
 Shoals (0/4) Lair:2        Snake (2/4) Lair:3 Zot: 9619   Slime (0/5) Lair:5
    Orc (2/2) D:9 Zot: 8225     Elf (3/3) Orc:2 Zot: 13230  Vaults (0/5) D:14
 Depths (0/4) D:15        Gauntlet (visited)

Altars:
Ashenzari
Cheibriados
Dithmenos
Elyvilon
Fedhas
Gozag
Hepliaklqana
Kikubaaqudgha
Makhleb
Nemelex Xobeh
Okawaru
Qazlal
Ru
Sif Muna
Trog
Uskayaw
Vehumet
Xom
Yredelemnul
Zin
The Shining One
Jiyva

Shops:
D:9 *   D:15 :   Orc:2 *[[([   Elf:1 *   Elf:2 =:=

Portals:
Bazaar: Elf:2

Annotations:
D:8 3 runed translucent doors, Heoruswealwe's ghost, novice DEEE
Lair:2 exclusion: oklob plant
Lair:5 1 runed translucent door
Orc:1 1 runed translucent door
Elf:3 exclusion: 3 doors


Innate Abilities, Weirdness & Mutations

You have razor-sharp teeth.
Your natural rate of healing is unusually fast.
When hurt, damage is shared between your health and your magic reserves.
Your bite disrupts and absorbs the magic of your enemies.
Potions cannot restore your health.


Message History

You block the starcursed mass's attack.
You puncture the raiju!
You kill the raiju!
Okawaru accepts your kill.
A starcursed mass splits.
A cacophony of accursed wailing tears at your sanity!
You suddenly lose the ability to move!
The starcursed mass touches you but does no damage.
The starcursed mass touches you!
* * * LOW HITPOINT WARNING * * *
The starcursed mass touches you but does no damage. x3
You can move again.
As you read the scroll of teleportation {@r4}, it crumbles to dust.
You feel strangely unstable.
You feel the power of the Abyss delaying your translocation!
A starcursed mass splits.
A cacophony of accursed wailing tears at your sanity!
* * * LOW HITPOINT WARNING * * *
The starcursed mass touches you but does no damage.
The starcursed mass completely misses you.
The starcursed mass touches you but does no damage.
You block the starcursed mass's attack.
The starcursed mass touches you but does no damage.
A starcursed mass splits.
The starcursed mass attacks as you move away!
You block the starcursed mass's attack.
The starcursed mass attacks as you move away!
The starcursed mass misses you.
The starcursed mass attacks as you move away!
You block the starcursed mass's attack.
A starcursed mass splits.
A cacophony of accursed wailing tears at your sanity!
* * * LOW HITPOINT WARNING * * *
You suddenly lose the ability to move!
The starcursed mass touches you.
* * * LOW HITPOINT WARNING * * *
The starcursed mass touches you but does no damage.
You can move again.
The starcursed mass touches you but does no damage.
The starcursed mass attacks as you move away!
The starcursed mass touches you.
* * * LOW HITPOINT WARNING * * *
A cacophony of accursed wailing tears at your sanity!
* * * LOW HITPOINT WARNING * * *
You shrug off the repeated paralysis!
A deep elf sorcerer comes into view. It is wielding a +0 long sword.
Okay, then.
The starcursed mass attacks as you move away!
The starcursed mass touches you but does no damage.
A cacophony of accursed wailing tears at your sanity!
You die...

#. # #.....e..#
#........+ # .
#........## #. .
#........#. #.. #
#........#....... #...
..... ..... .
#....##########..... #
#......@XX.X.X......
#.......XX.XX.........#
#...~...X.X.X.........#
#.....~...†.†...#. ..
#......≈..#.X..>#... .
#...............#. ..
#.............#.......
#.#.........>#..... .#
......##....#.... .#


You could see 12 starcursed masses.

Vanquished Creatures
  Rupert (Snake:1)
  A deep elf blademaster (Elf:2)
  Aizul (Snake:1)
  An ironbound preserver (D:14)
  A deep elf elementalist (Elf:2)
  A deep elf demonologist (Elf:3)
  A dire elephant (Gauntlet)
  A minotaur (Gauntlet)
  A deep elf annihilator (Elf:1)
  Snorg (Orc:1)
  An ettin (Orc:1)
  A green death (Gauntlet)
  A deep elf death mage (Elf:2)
  5 hydras
  5 centaur warriors
  An ogre mage (D:14)
  2 catoblepae (Lair:5)
  3 boulder beetles
  28 dancing weapons
  3 two-headed ogres (D:14)
  2 anacondas
  A naga warrior (Snake:2)
  A death yak (Lair:5)
  6 orc high priests (Orc:2)
  3 tengu warriors
  2 shock serpents
  Sonja (Lair:4)
  4 naga sharpshooters
  16 deep elf knights
  A skeletal warrior (D:14)
  2 sea snakes (Snake:1)
  3 naga ritualists
  17 deep elf archers
  A wizard (D:15)
  3 lindwurms
  A necromancer (D:15)
  12 orc knights
  29 deep elf pyromancers
  21 deep elf zephyrmancers
  20 ugly things
  5 mana vipers
  5 orc sorcerers
  4 cyclopes
  2 manticores (D:14)
  2 salamanders (Snake:2)
  19 elephants
  8 torpor snails
  16 black mambas
  An apocalypse crab (Abyss:3)
  6 cane toads
  A centaur skeleton (D:15)
  10 naga magi
  A water nymph (Lair:2)
  3 gargoyles (D:12)
  An unseen horror (shapeshifter) (Elf:2)
  An unseen horror (D:11)
  2 orange demons (Gauntlet)
  An unseen horror zombie (D:9)
  4 rime drakes
  A kobold demonologist (D:13)
  8 komodo dragons
  A yaktaur (D:15)
  An efreet (D:15)
  An ancient zyme (Abyss:3)
  8 trolls
  A harpy zombie (D:15)
  11 polar bears
  10 hornets
  3 tyrant leeches (Lair:5)
  9 blink frogs
  6 dream sheep
  5 raiju
  A raiju (shapeshifter) (Elf:2)
  4 slime creatures (D:14)
  3 centaur simulacra
  A shadow (D:12)
  A spriggan (shapeshifter) (D:14)
  2 vampires
  An air elemental (Elf:2)
  5 wraiths
  4 fire elementals
  3 water elementals
  6 wyverns
  19 yaks
  A golden eye (shapeshifter) (Elf:1)
  6 vampire mosquitoes
  3 basilisks
  A steam dragon (D:9)
  11 wargs
  15 nagas
  An acid dragon (D:11)
  Edmund (D:5)
  14 hell hounds (Lair:5)
  12 water moccasins
  Duvessa (D:5)
  15 black bears
  39 orc warriors
  An ice beast (D:8)
  3 sky beasts
  10 ogres
  32 wolves
  11 centaurs
  2 small abominations (Abyss:3)
  2 phantoms
  4 kobold brigands
  14 bullfrogs
  A gnoll sergeant (Orc:2)
  3 scorpions
  6 earth elementals
  A necrophage (D:9)
  12 wights (D:9)
  Dowan (D:5)
  12 killer bees
  3 electric eels
  3 howler monkeys
  A centaur zombie (D:9)
  3 jellies
  3 hounds
  Crazy Yiuf (D:3)
  A human zombie (D:9)
  22 orc priests
  A gnoll bouda (D:9)
  Ijyb (D:3)
  A sleepcap (D:6)
  Jessica (D:2)
  26 orc wizards
  2 iguanas (D:5)
  2 killer bee zombies (D:9)
  Robin (D:3)
  2 howler monkey zombies (D:9)
  4 gnolls (Orc:2)
  7 adders
  3 white imps
  2 dart slugs (D:1)
  82 orcs
  2 bats (D:1)
  5 endoplasms
  A giant cockroach (D:1)
  13 goblins
  7 hobgoblins
  2 jackals
  19 kobolds
  6 quokkas
  5 ball pythons
  A frilled lizard (D:3)
  3 rats
884 creatures vanquished.

Vanquished Creatures (collateral kills)
  A worm (D:5)
1 creature vanquished.

Vanquished Creatures (others)
  A deep elf knight (Elf:3)
  3 deep elf pyromancers
  An air elemental (Elf:1)
  A fire elemental (Elf:1)
  2 orcs
8 creatures vanquished.

Grand Total: 893 creatures vanquished

Notes
Turn   | Place    | Note
-------+----------+-------------------------------------------
     0 | D:1      | GeoRichter the Vine Stalker Brigand began the quest for the
                  | Orb.
     0 | D:1      | Reached XP level 1. HP: 11/11 MP: 2/2
    83 | D:1      | Reached skill level 2 in Fighting
   151 | D:1      | Reached XP level 2. HP: 15/15 MP: 3/3
   348 | D:1      | Reached XP level 3. HP: 18/18 MP: 4/4
   868 | D:2      | Found a glowing silver altar of Zin.
   993 | D:2      | Noticed Jessica
  1007 | D:2      | Killed Jessica
  1008 | D:2      | Gained mutation: Your natural rate of healing is unusually
                  | fast. [Vine Stalker growth]
  1008 | D:2      | Reached XP level 4. HP: 23/23 MP: 5/5
  1245 | D:3      | Found a runed translucent door.
  1246 | D:3      | Noticed Crazy Yiuf
  1258 | D:3      | Killed Crazy Yiuf
  1427 | D:3      | Noticed Ijyb
  1455 | D:3      | Killed Ijyb
  1456 | D:3      | Reached skill level 3 in Fighting
  1456 | D:3      | Reached XP level 5. HP: 16/28 MP: 3/6
  1461 | D:3      | Noticed Robin
  1512 | D:3      | Killed Robin
  1882 | D:3      | Found a glowing silver altar of Zin.
  1901 | D:3      | Found a sacrificial altar of Ru.
  2155 | D:4      | Reached XP level 6. HP: 32/32 MP: 7/7
  2317 | D:4      | Reached skill level 5 in Short Blades
  2563 | D:5      | Entered Level 5 of the Dungeon
  2610 | D:5      | Noticed Edmund
  2722 | D:5      | Noticed Duvessa
  2722 | D:5      | Noticed Dowan
  2730 | D:5      | Killed Dowan
  2874 | D:5      | Reached skill level 4 in Fighting
  2874 | D:5      | Reached XP level 7. HP: 34/37 MP: 8/8
  2913 | D:5      | Killed Edmund
  2984 | D:5      | Found a sparkling altar of Nemelex Xobeh.
  2984 | D:5      | Found a burning altar of Makhleb.
  2987 | D:5      | Found a broken altar of Ashenzari.
  3039 | D:5      | Found a staircase to the Ecumenical Temple.
  3072 | Temple   | Entered the Ecumenical Temple
  3150 | Temple   | Became a worshipper of Warmaster Okawaru
  3316 | D:5      | Noticed a +0 short sword
  3322 | D:5      | Found a hide-covered altar of Uskayaw.
  3322 | D:5      | Noticed a +0 dagger
  3322 | D:5      | Noticed a +0 short sword
  3322 | D:5      | Noticed a +0 falchion
  3329 | D:5      | Noticed a +0 spear
  3329 | D:5      | Noticed a +0 falchion
  3330 | D:5      | Noticed a +0 dagger
  3330 | D:5      | Noticed a +0 spear
  3581 | D:6      | Gained mutation: You have razor-sharp teeth. [Vine Stalker
                  | growth]
  3581 | D:6      | Reached XP level 8. HP: 36/42 MP: 9/9
  3666 | D:6      | Reached * piety under Okawaru
  3695 | D:6      | Reached skill level 5 in Fighting
  3897 | D:6      | Reached skill level 1 in Invocations
  4378 | D:6      | Reached ** piety under Okawaru
  4557 | D:5      | Killed Duvessa
  4558 | D:5      | Reached skill level 1 in Evocations
  4558 | D:5      | Reached XP level 9. HP: 6/48 MP: 9/11
  4657 | D:7      | Reached skill level 6 in Fighting
  5190 | D:7      | Reached *** piety under Okawaru
  5231 | D:7      | Reached skill level 1 in Shields
  5265 | D:7      | Reached XP level 10. HP: 53/53 MP: 12/12
  5344 | D:7      | Reached skill level 7 in Fighting
  5489 | D:8      | Found a staircase to the Lair.
  5528 | D:8      | Reached **** piety under Okawaru
  5529 | D:8      | Reached skill level 10 in Short Blades
  5823 | D:8      | Found a runed translucent gate.
  5823 | D:8      | Found a runed translucent gate.
  5823 | D:8      | Found a runed translucent gate.
  5823 | D:8      | Noticed Heoruswealwe's ghost (novice DEEE)
  6207 | D:9      | Found a hazy altar of Hepliaklqana.
  6242 | D:9      | Reached skill level 8 in Fighting
  6283 | D:9      | Found a staircase to the Orcish Mines.
  6364 | D:9      | Received a gift from Okawaru
  6445 | D:9      | Reached skill level 1 in Dodging
  6673 | D:9      | Reached skill level 1 in Armour
  6699 | D:9      | Reached ***** piety under Okawaru
  6731 | D:9      | Found an ancient bone altar of Kikubaaqudgha.
  6783 | D:9      | Reached XP level 11. HP: 60/60 MP: 14/14
  6842 | D:9      | Reached skill level 9 in Fighting
  6901 | D:9      | Found Entasmics's Changing Room.
  7016 | D:9      | Paralysed by a hornet for 3 turns
  7194 | Lair:1   | Entered Level 1 of the Lair of Beasts
  8345 | Lair:2   | Found a blossoming altar of Fedhas.
  8368 | Lair:2   | Noticed an oklob plant
  8732 | Lair:2   | Identified the +1 pair of gloves of Litarr {Fly Regen+
                  | Dex-2 Slay-4} (Okawaru gifted it to you on level 2 of the
                  | Lair of Beasts)
  8732 | Lair:2   | Received a gift from Okawaru
  8741 | Lair:2   | Reached ****** piety under Okawaru
  8991 | Lair:2   | Reached skill level 10 in Fighting
  9583 | Lair:3   | Reached skill level 5 in Invocations
  9763 | Lair:3   | Reached XP level 12. HP: 33/67 MP: 13/17
 10210 | Lair:3   | Found a staircase to the Snake Pit.
 10455 | Lair:3   | Received a gift from Okawaru
 10640 | Lair:3   | Reached skill level 5 in Dodging
 10714 | Lair:3   | Reached skill level 5 in Armour
 10824 | Lair:3   | Noticed a four-headed hydra
 10841 | Lair:3   | Killed a four-headed hydra
 10841 | Lair:3   | Received a gift from Okawaru
 11382 | Lair:4   | Reached skill level 11 in Fighting
 11437 | Lair:4   | Reached XP level 13. HP: 58/74 MP: 20/20
 11624 | Lair:4   | Reached skill level 1 in Transmutations
 11726 | Lair:4   | Noticed Sonja
 11756 | Lair:4   | Killed Sonja
 11757 | Lair:4   | Reached skill level 1 in Spellcasting
 11915 | Lair:4   | Received a gift from Okawaru
 12247 | Lair:5   | Entered Level 5 of the Lair of Beasts
 12503 | Lair:5   | Identified the +10 lajatang "Vine Stalker's Foe" {heavy,
                  | Int+2 Dex+2}
 13242 | Lair:5   | Received a gift from Okawaru
 13328 | Lair:5   | Reached skill level 5 in Transmutations
 13528 | Lair:5   | Got the Codex of the Icicle and Malevolent Magic
 13556 | Lair:5   | Identified the +4 morningstar "Niklal" {flame, *Rage rC+
                  | Dex+2 Stlth+}
 14084 | Lair:5   | Found a staircase to the Slime Pits.
 14084 | Lair:5   | Found a viscous altar of Jiyva.
 14452 | Lair:5   | Found a runed translucent door.
 14453 | Lair:5   | Noticed a fire dragon
 14470 | Lair:5   | Reached XP level 14. HP: 79/79 MP: 21/21
 14591 | Lair:5   | Reached skill level 12 in Fighting
 14598 | Lair:5   | HP: 4/80 [tyrant leech (12)]
 14839 | Lair:5   | Paralysed by a hornet for 3 turns
 14852 | Lair:5   | Received a gift from Okawaru
 14977 | Lair:5   | Paralysed by a hornet for 2 turns
 15003 | Lair:5   | Reached skill level 5 in Throwing
 15523 | Orc:1    | Entered Level 1 of the Orcish Mines
 15579 | D:9      | Bought a book of Changes for 288 gold pieces
 15582 | D:9      | Learned a level 2 spell: Wereblood
 16194 | Orc:1    | Noticed Snorg
 16220 | Orc:1    | Killed Snorg
 16513 | Orc:1    | Found a burning altar of Makhleb.
 16525 | Orc:1    | You fall into a shaft and drop 1 floor!
 16525 | Orc:2    | Entered Level 2 of the Orcish Mines
 16762 | Orc:1    | Found a runed translucent door.
 16765 | Orc:1    | Noticed a balrug
 17416 | Orc:2    | Found a staircase to the Elven Halls.
 17574 | Orc:2    | Found Jos Rah's General Store.
 17576 | Orc:2    | Found Byusopit's Specific Store.
 17580 | Orc:2    | Bought a scroll of enchant armour for 97 gold pieces
 18024 | Orc:2    | HP: 2/77 [orc priest/divine providence (4)]
 18667 | Orc:2    | HP: 2/81 [orc warrior/+0 short sword (4)]
 19122 | Orc:2    | Reached skill level 13 in Fighting
 19707 | Orc:2    | Found Ceossa's Antique Armour Shop.
 19708 | Orc:2    | Found Ephalye's Antique Weapon Boutique.
 19708 | Orc:2    | Found Orchinomi's Antique Armour Shop.
 19709 | Orc:2    | Found Tueh's Armour Shop.
 19719 | Orc:2    | Bought a runed hat for 210 gold pieces
 19725 | Orc:2    | Bought a glowing kite shield for 217 gold pieces
 19735 | Orc:2    | Bought a pair of slimy gloves for 275 gold pieces
 19735 | Orc:2    | Identified the +0 pair of gloves of the Elephant {MP+9}
                  | (You bought it in a shop on level 2 of the Orcish Mines)
 19749 | Orc:2    | Bought a +2 plate armour of poison resistance for 481 gold
                  | pieces
 19958 | D:10     | Entered Level 10 of the Dungeon
 20485 | D:11     | Found a gate leading to a gauntlet.
 20553 | Gauntlet | Entered a Gauntlet
 20553 | Gauntlet | Found a transporter.
 20553 | Gauntlet | Found a transporter.
 20553 | Gauntlet | Found a transporter.
 20558 | Gauntlet | Found a transporter.
 20569 | Gauntlet | Found a transporter.
 20575 | Gauntlet | Found a transporter.
 20579 | Gauntlet | Found a transporter.
 20592 | Gauntlet | Found a transporter.
 20614 | Gauntlet | Found a transporter.
 20639 | Gauntlet | Found a transporter.
 20686 | Gauntlet | Noticed a dire elephant
 20697 | Gauntlet | Found a transporter.
 20707 | Gauntlet | Found a transporter.
 20756 | Gauntlet | Killed a dire elephant
 20761 | Gauntlet | Reached XP level 15. HP: 70/86 MP: 22/22
 20942 | Gauntlet | Identified the staff of poison "Ucwiser" {+Blink rPois rF+
                  | rC+}
 20961 | Gauntlet | Identified the amulet "Hauhup" {Spirit rF+}
 20961 | Gauntlet | Identified the +4 leather armour "Cunakh" {rElec Str-5
                  | Dex+4}
 20961 | Gauntlet | Identified the +3 morningstar "Fekk" {heavy, rC+}
 21500 | D:11     | Reached skill level 5 in Shields
 21614 | D:11     | You fall into a shaft and drop 3 floors!
 21673 | D:14     | Received a gift from Okawaru
 21905 | D:14     | Found a gate to the Vaults.
 21927 | D:14     | Received a gift from Okawaru
 22129 | D:14     | Identified the +0 plate armour "Trusted Companion" {Rampage
                  | Int+4} (Okawaru gifted it to you on level 14 of the
                  | Dungeon)
 22129 | D:14     | Received a gift from Okawaru
 23249 | D:12     | Found a white marble altar of Elyvilon.
 24122 | D:14     | Reached skill level 14 in Fighting
 24707 | D:15     | Entered Level 15 of the Dungeon
 24824 | D:15     | Reached XP level 16. HP: 93/93 MP: 23/23
 25655 | D:15     | Received a gift from Okawaru
 25663 | D:15     | Reached skill level 10 in Armour
 25885 | D:15     | Found Redgh's Book Shop.
 26044 | D:15     | Found a staircase to the Depths.
 26343 | Snake:1  | Entered Level 1 of the Snake Pit
 26585 | Snake:1  | Noticed Aizul
 26621 | Snake:1  | Killed Aizul
 26629 | Snake:1  | Received a gift from Okawaru
 26837 | Snake:1  | Noticed Rupert
 26852 | Snake:1  | Killed Rupert
 27342 | Snake:1  | Received a gift from Okawaru
 27928 | Snake:2  | HP: 2/93 [shock serpent/bolt of electricity (5)]
 28184 | Snake:2  | Received a gift from Okawaru
 28537 | Snake:2  | Received a gift from Okawaru
 28963 | Elf:1    | Entered Level 1 of the Elven Halls
 28997 | Elf:1    | Reached skill level 5 in Evocations
 29156 | Elf:1    | Paralysed by an air elemental for 1 turns
 29164 | Elf:1    | Paralysed by an air elemental for 1 turns
 29170 | Elf:1    | Paralysed by an air elemental for 1 turns
 29173 | Elf:1    | Paralysed by an air elemental for 1 turns
 29189 | Elf:1    | Identified the +4 short sword of the Ancients {antimagic,
                  | rElec Int+2 Dex+2} (Okawaru gifted it to you on level 1 of
                  | the Elven Halls)
 29189 | Elf:1    | Received a gift from Okawaru
 29390 | Elf:1    | Reached skill level 15 in Fighting
 29416 | Elf:1    | Reached XP level 17. HP: 99/99 MP: 11/24
 29622 | Elf:1    | Found Vefeusm's Antique Armour Emporium.
 29714 | Elf:1    | Found Hirewimo's General Store.
 30731 | Elf:2    | Found a huge runed translucent gate.
 30731 | Elf:2    | Found a huge runed translucent gate.
 30731 | Elf:2    | Found a huge runed translucent gate.
 30732 | Elf:2    | Found a huge runed translucent gate.
 30733 | Elf:2    | Found a huge runed translucent gate.
 30869 | Elf:2    | HP: 4/99 [+2 heavy scimitar (11)]
 30872 | Elf:1    | HP: 1/99 [+2 heavy scimitar (5)]
 31046 | Elf:2    | Found a gateway to a bazaar.
 31138 | Elf:2    | Found Soakiuph's Book Shop.
 31139 | Elf:2    | Found Vuawn's Jewellery Emporium.
 31139 | Elf:2    | Found Badaip's Jewellery Emporium.
 31265 | Elf:2    | Received a gift from Okawaru
 31935 | Elf:2    | Noticed a deep elf blademaster
 31968 | Elf:2    | Killed a deep elf blademaster
 32525 | Elf:2    | Received a gift from Okawaru
 32728 | Elf:2    | Reached skill level 10 in Shields
 32930 | Elf:3    | Entered Level 3 of the Elven Halls
 33444 | Elf:3    | Reached XP level 18. HP: 105/105 MP: 25/25
 33457 | Elf:3    | Received a gift from Okawaru
 34527 | Abyss:3  | Cast into level 3 of the Abyss (unwielding a weapon of
                  | distortion)
 34647 | Abyss:3  | Noticed a bone dragon
 34810 | Abyss:3  | Paralysed by accursed screaming for 2 turns
 34815 | Abyss:3  | Paralysed by accursed screaming for 2 turns
 34820 | Abyss:3  | Killed from afar by a starcursed mass

Illustrated notes

Levels and vault maps discovered:
D:1:      minmay_arrival_arboretum_small, layout_basic
D:2:      layout_loops_ring, basic_altar, uniq_jessica
D:3:      wad_pebble_path, layout_loops_cross, lemuel_crystal_altar,
          nicolae_ru_the_path_less_chosen, kennysheep_crisscross,
          uniq_crazy_yiuf_cottage, uniq_ijyb, uniq_robin
D:4:      layout_cave_pools, dk_vineyard_2
D:5:      layout_rooms, nicolae_uskayaw_en_pointe,
          gammafunk_temple_overflow_forgotten, temple_statues,
          minmay_misc_feat_tiny, uniq_edmund, uniq_duvessa
D:6:      layout_loops_ring
D:7:      layout_basic
D:8:      layout_loops_cross, dpeg_oklobed_lair, ebering_ghost_rock_garden
D:9:      layout_roguey, lemuel_mausoleum_altar_kikubaaqudgha,
          mainiacjoe_overflow_brackets, orc_0_dummy,
          nicolae_transmutations_shop, dreamdust_gnoll_shepherd
D:10:     layout_rooms
D:11:     layout_basic, gauntlet_entry_generic, st_stairs_3, kennysheep_dice
D:12:     layout_loops_ring, elyvilon_altar_4
D:13:     minmay_weird_star, layout_irregular_city, minmay_misc_feat_enclosed
D:14:     layout_small_grid, skrybe_vaults_entry_preservation, nrook_uturn
D:15:     grunt_enter_depths_magical_seal, layout_gridville, serial_shops,
          nicolae_square_shop, nicolae_figureground_sparkle,
          nrook_pool_corridor, chequers_serial_rivers_small_3,
          minmay_door_square
Temple:   eino_temple_water
Lair:1:   layout_long_grid, cheibrodos_lair_caveside_slide, lemuel_fruit_tree,
          grunt_megastairs_3
Lair:2:   layout_cave_pods, nicolae_shoals_entry_flooding,
          chequers_serial_rivers_small_b, tgw_fedhas
Lair:3:   layout_loops_ring, guppyfry_snake_entry_garden,
          pdpol_lair_cavern_descent
Lair:4:   layout_loops_ring, lemuel_fruit_fields, uniq_sonja
Lair:5:   wormcave, layout_layer_cave, hangedman_lair_caniforms_friends,
          slime_entry_1, serial_bayou_shore_b, infiniplex_staircase_pool_2,
          grunt_megastairs_4
Snake:1:  layout_cave_pods, grunt_ministairs_4, nicolae_snake_gridmaze_spiral,
          serial_bayou_shore_a, uniq_aizul, uniq_rupert
Snake:2:  layout_onion
Orc:1:    dreamdust_dug_too_deep, layout_caves, basic_altar,
          nicolae_orc_lava_tube, uniq_snorg
Orc:2:    st_orc_pillars, layout_diamond_mine, nicolae_specific_store
Elf:1:    layout_geoelf_grid, minivault_28, minmay_shoptagon
Elf:2:    elven_hall_of_blades_hangedman_alternative
          [nicolae_blade_entry_sentries_behind_glass], layout_rooms,
          serial_shops, bzr_entry_road, nicolae_elf_crossing_hall,
          minmay_shop_grove
Elf:3:    minmay_elf_hall_spiked, layout_geoelf_castle
Abyss:3:  base: Vaults:2, minivault_13, evilmike_abyss_rune_elephants_shrine,
          evilmike_abyss_exit_10, hangedman_abyss_or_decor_stagger,
          evilmike_nicolae_abyss_rune_containment_curve

Skill      XL: |  1  2  3  4  5  6  7  8  9 10 11 12 13 14 15 16 17 18 |
---------------+-------------------------------------------------------+-----
Short Blades   | 2 3 4 5 6 8 9 10 | 10.0
Fighting       | 2 3 4 5 6 8 10 11 13 14 15 | 15.9
Invocations    | 2 3 5 8 9 |  9.0
Evocations     | 1 3 5 7 8 |  8.0
Shields        | 1 4 6 8 10 | 10.2
Dodging        | 2 3 5 7 8 |  8.6
Throwing       | 2 4 6 |  6.0
Armour         | 1 3 5 6 9 11 12 | 12.2
Transmutations | 6 7 |  7.0
Spellcasting   | 3 |  3.0
Stealth        | |  4.8

Action                     |  1- 3 |  4- 6 |  7- 9 | 10-12 | 13-15 | 16-18 || total
---------------------------+-------+-------+-------+-------+-------+-------++-------
  Melee: Dagger            |    51 |   164 |   392 |  1691 |  2369 |       ||  4667
         Bite              |    12 |    45 |   158 |   748 |  1475 |   676 ||  3114
         Punch             |     1 |       |       |       |       |       ||     1
         Rapier            |       |       |       |       |   686 |  1200 ||  1886
         Short sword       |       |       |       |       |       |   378 ||   378
         Quick blade       |       |       |       |       |       |    96 ||    96
  Throw: Dart              |     1 |     5 |     5 |    33 |   107 |     3 ||   154
         Javelin           |       |       |       |     1 |    10 |    22 ||    33
   Cast: Wereblood         |       |       |       |       |    18 |    15 ||    33
 Invoke: Heroism           |       |       |     2 |     4 |    27 |    18 ||    51
         Finesse           |       |       |       |       |     2 |     2 ||     4
  Evoke: Wand              |       |     7 |     7 |    11 |    17 |     5 ||    47
         Phial of floods   |       |       |       |       |       |     1 ||     1
    Use: Scroll            |       |    14 |     3 |    10 |    16 |    15 ||    58
         Potion            |       |       |     1 |     1 |     4 |     4 ||    10
   Stab: Sleeping          |    12 |     6 |     6 |    19 |     4 |    18 ||    65
         Invisible         |       |       |       |     3 |     9 |     3 ||    15
         Distracted        |       |       |       |     1 |     2 |     1 ||     4
         Petrifying        |       |       |       |       |       |     2 ||     2
 Armour: Robe              |    10 |     3 |       |       |       |       ||    13
         Ring mail         |       |    59 |    95 |       |       |       ||   154
         Leather armour    |       |       |    41 |   591 |   598 |   260 ||  1490
         Plate armour      |       |       |       |       |   247 |       ||   247
  Dodge: Dodged            |    15 |    60 |   111 |   677 |  1194 |   454 ||  2511
  Block: Buckler           |       |     8 |    52 |   316 |   923 |       ||  1299
         Kite shield       |       |       |       |       |   645 |  1020 ||  1665
         Reflection        |       |       |       |       |    43 |    73 ||   116
